 Dungeon Crawl Stone Soup version 0.28-a0-1130-gc51a68064b (webtiles) character file.

Game seed: 15228084309690726678

1271 vurker the Gusty (level 8, -2/63 HPs)
             Began as a Demigod Air Elementalist on Dec 12, 2021.
             Killed from afar by Maggie (17 damage)
             ... with a bolt of fire
             ... on level 6 of the Dungeon.
             The game lasted 00:07:29 (7734 turns).

vurker the Gusty (Demigod Air Elementalist)         Turns: 7734, Time: 00:07:29

Health: -2/63      AC:  5    Str:  9    XL:     8   Next: 7%
Magic:  0/19       EV: 12    Int: 25    God:
Gold:   247        SH:  0    Dex: 14    Spells: 12/17 levels left

rFire   . . .      SeeInvis .   w - staff of air
rCold   . . .      Faith    .   (no shield)
rNeg    + . .      Spirit   .   a - +0 robe
rPois   +          Reflect  .   (no helmet)
rElec   +          Harm     .   v - +0 cloak
rCorr   .          Rampage  .   s - +1 pair of gloves
Will    .....                   (no boots)
Stlth   ++........              c - amulet of the acrobat
HPRegen 0.20/turn               h - ring of poison resistance
MPRegen 0.16/turn               r - ring of positive energy

@: mesmerised
A: high mp 1, forlorn, divine attributes
a: no special abilities


You were on level 6 of the Dungeon.
You visited 2 branches of the dungeon, and saw 7 of its levels.
You also visited: Sewer.

You collected 247 gold pieces.

Inventory:

Hand Weapons
 f - a +2 short sword of venom
   (You took it off a kobold brigand in a sewer)
Armour
 a - a +0 robe (worn)
 s - a +1 pair of gloves (worn)
   (You found it on level 4 of the Dungeon)
 v - a +0 cloak (worn)
   (You took it off Crazy Yiuf on level 5 of the Dungeon)
Magical Staves
 w - a staff of air (weapon)
   (You acquired it on level 6 of the Dungeon)
Jewellery
 c - an amulet of the acrobat (around neck)
   (You found it on level 1 of the Dungeon)
 h - a ring of poison resistance (left hand)
   (You found it on level 2 of the Dungeon)
 r - a ring of positive energy (right hand)
   (You found it on level 3 of the Dungeon)
Wands
 t - a wand of flame (44)
   (You took it off an orc on level 4 of the Dungeon)
Scrolls
 b - a scroll of summoning
 e - a scroll of enchant armour
 n - 3 scrolls of magic mapping
 o - 3 scrolls of blinking
Potions
 d - 2 potions of curing {unknown}
 g - a potion of experience {unknown}
 i - 2 potions of flight {unknown}
 j - a potion of invisibility {unknown}
 k - a potion of mutation {unknown}
 l - 2 potions of ambrosia
 m - 2 potions of cancellation {unknown}
 p - a potion of might {unknown}
 q - a potion of heal wounds {unknown}
 u - a potion of degeneration {unknown}


   Skills:
 + Level 3.5 Fighting
 - Level 1.7 Dodging
 - Level 1.7 Stealth
 * Level 5.2 Spellcasting
 - Level 3.0 Conjurations
 * Level 6.2 Air Magic


You had 12 spell levels left.
You knew the following spells:

 Your Spells              Type           Power      Damage    Failure   Level
a - Shock                 Conj/Air       100%       1d9       1%          1
c - Airstrike             Air            27%        N/A       6%          4

Your spell library contained the following spells:

 Spells                   Type           Power      Damage    Failure   Level
 Static Discharge         Conj/Air       44%        N/A       1%          2
 Swiftness                Air            54%        N/A       1%          3
 Slow                     Hex            24%        N/A       9%          1
 Confusing Touch          Hex            6%         N/A       24%         3
 Vampiric Draining        Necr           6%         2d6       24%         3


Dungeon Overview and Level Annotations

Branches:
Dungeon (6/15)             Temple (1/1) D:4           Sewer (visited)

Shops:
D:3 (

Annotations:
D:6 3 runed translucent doors, Maggie; t4s4d4r's ghost, novice DgTm


Innate Abilities, Weirdness & Mutations

You have an increased reservoir of magic. (+10% MP)
You shall have no god before yourself.
Your divine heritage dramatically boosts your attributes as you level up.


Message History

Found a stone staircase leading up.
Aim: Maggie, wielding a +0 halberd and wearing +2 steam dragon scales (asleep, empty space bonus: 4/8)
You feel a surge of power!
The air twists around and strikes Maggie.
Aim: Maggie, wielding a +0 halberd and wearing +2 steam dragon scales (lightly wounded, empty space bonus: 4/8)
You feel a surge of power!
The air twists around and strikes Maggie!
Aim: Maggie, wielding a +0 halberd and wearing +2 steam dragon scales (moderately wounded, empty space bonus: 6/8)
You feel a surge of power!
The air twists around and strikes Maggie!
You can't see any susceptible monsters within range! (Use Z to cast anyway.)
You can't see any susceptible monsters within range! (Use Z to cast anyway.) Maggie is nearby!
Aim: Maggie, wielding a +0 halberd and wearing +2 steam dragon scales (heavily wounded, empty space bonus: 3/8)
You feel a surge of power!
The air twists around and strikes Maggie!
Maggie casts a spell.
Maggie attempts to bespell you!
You are mesmerised by Maggie!
Unknown command.
Unknown command.
Aim: Maggie, wielding a +0 halberd and wearing +2 steam dragon scales (heavily wounded, mesmerising, 68% to hit)
The puff of flame hits Maggie.
Maggie barely misses you.
You cannot move away from Maggie!
You don't have enough magic to cast this spell.
You feel a surge of power!
The zap hits Maggie.
Maggie hits you with a +0 halberd.
You feel a surge of power!
You miscast Shock.
You are very lightly contaminated with residual magic.
Nothing appears to happen.
Maggie barely misses you.
You feel a surge of power!
The zap hits Maggie!
Maggie barely misses you.
You feel a surge of power!
The zap hits Maggie.
Maggie casts a spell at you. The bolt of fire misses you.
You don't have enough magic to cast this spell.
You barely miss Maggie. Maggie hits you with a +0 halberd!
You closely miss Maggie.
Maggie points at you and mumbles some strange words.
The bolt of fire hits you!!
* * * LOW HITPOINT WARNING * * *
The puff of flame hits Maggie but does no damage.
Maggie barely misses you.
Unknown command.
The puff of flame hits Maggie.
Maggie hits you with a +0 halberd!
* * * LOW HITPOINT WARNING * * *
Your magical contamination has completely faded away.
You feel a surge of power!
The zap hits Maggie but does no damage.
Maggie points at you and mumbles some strange words.
The bolt of fire hits you!
You die...

#..>#
#...######.......#
#..........#...#. #
#####...#####..#.#.. .<
......^........#... .#
...............#..#..
.................).
###.#...#.##..##@#####
#.#..........@##∩8.# #
#..)#)##.#..#YZ.$∩#
#...#)##....+W$$$8#
#.#...#.###...+$_8$∩#
#.......####..+.$$$8#
.........# #..#...$.#
..###...##.###..##.8∩##
# #...#<.........#####
..#...#..........#


You could see Maggie (mesmerising), a sky beast, t4s4d4r's ghost and a centaur
skeleton.

Vanquished Creatures
  A necrophage (D:5)
  An ogre (D:4)
  2 phantoms
  6 kobold brigands (Sewer)
  A wyvern zombie (D:5)
  A water moccasin skeleton (D:4)
  A bullfrog skeleton (D:5)
  A hound (D:6)
  An orc priest (D:4)
  Crazy Yiuf (D:5)
  2 iguanas
  2 orc wizards (D:4)
  Ijyb (D:5)
  A hound skeleton (D:3)
  5 adders
  2 river rats (Sewer)
  An ufetubus (D:4)
  6 worms
  A dart slug (D:1)
  11 orcs
  9 ball pythons
  3 bats
  9 endoplasms
  2 giant cockroaches
  4 goblins
  6 hobgoblins
  4 jackals (D:3)
  11 kobolds
  3 quokkas
  2 frilled lizards
  8 rats
109 creatures vanquished.

Notes
Turn   | Place    | Note
-------+----------+-------------------------------------------
     0 | D:1      | vurker the Demigod Air Elementalist began the quest for the
                  | Orb.
     0 | D:1      | Reached XP level 1. HP: 14/14 MP: 5/5
   189 | D:1      | Reached skill level 1 in Conjurations
   321 | D:1      | You fall into a shaft and drop 1 floor!
   559 | D:1      | Reached XP level 2. HP: 22/22 MP: 4/7
   704 | D:1      | Reached skill level 3 in Air Magic
  1329 | D:2      | Reached XP level 3. HP: 27/27 MP: 0/9
  1919 | D:2      | Reached skill level 1 in Fighting
  2499 | D:3      | Found a glowing drain.
  2630 | Sewer    | Entered a sewer
  2702 | Sewer    | Noticed a kobold brigand
  2714 | Sewer    | Killed a kobold brigand
  2715 | Sewer    | Reached XP level 4. HP: 11/35 MP: 8/11
  3039 | Sewer    | Noticed a kobold brigand
  3052 | Sewer    | Killed a kobold brigand
  3053 | Sewer    | Reached skill level 4 in Air Magic
  3053 | Sewer    | Reached XP level 5. HP: 12/41 MP: 1/12
  3633 | Sewer    | Reached XP level 6. HP: 36/48 MP: 2/14
  4778 | D:3      | Found Xaadisan's Weapon Shoppe.
  5071 | D:4      | Learned a level 4 spell: Airstrike
  5212 | D:4      | Found a staircase to the Ecumenical Temple.
  5241 | D:4      | Reached skill level 5 in Air Magic
  5241 | D:4      | Reached XP level 7. HP: 42/56 MP: 0/16
  5918 | Temple   | Entered the Ecumenical Temple
  5937 | D:5      | Entered Level 5 of the Dungeon
  6189 | D:5      | Noticed Ijyb
  6192 | D:5      | Killed Ijyb
  6412 | D:5      | Found a runed translucent door.
  6413 | D:5      | Noticed Crazy Yiuf
  6763 | D:5      | Reached skill level 5 in Spellcasting
  7144 | D:5      | Killed Crazy Yiuf
  7266 | D:6      | Reached skill level 6 in Air Magic
  7328 | D:6      | Reached XP level 8. HP: 58/63 MP: 2/19
  7585 | D:6      | Identified a scroll of acquirement
  7585 | D:6      | Acquired a staff of air
  7710 | D:6      | Found a runed translucent gate.
  7711 | D:6      | Found a runed translucent gate.
  7711 | D:6      | Found a runed translucent gate.
  7712 | D:6      | Noticed t4s4d4r's ghost (novice DgTm)
  7719 | D:6      | Noticed Maggie
  7734 | D:6      | Killed from afar by Maggie

Illustrated notes

Levels and vault maps discovered:
D:1:      psy_arrival_conway, layout_basic
D:2:      layout_loops_corners, minivault_25, minmay_misc_feat_enclosed,
          st_stairs_12
D:3:      layout_basic, cheibrodos_sewer_entry_drain, serial_shops,
          nicolae_shop_bloodbath_and_beyond
D:4:      layout_basic, minmay_temple_entry_crystal_x
D:5:      layout_basic, nicolae_fountain_basement, uniq_ijyb,
          uniq_crazy_yiuf_cottage
D:6:      layout_loops_cross, fedhas_altar_1, ebering_ghost_gozag,
          hangedman_feature_mirror, uniq_grinder, uniq_maggie
Temple:   minmay_crystal_snake_temple

Skill      XL: |  1  2  3  4  5  6  7 |
---------------+----------------------+-----
Conjurations   | 1 2 3 |  3.0
Spellcasting   | 2 3 4 5 |  5.2
Air Magic      | 3 4 5 6 |  6.2
Fighting       | 1 2 3 |  3.5
Dodging        | |  1.7
Stealth        | |  1.7

Action                   |  1- 3 |  4- 6 |  7- 9 || total
-------------------------+-------+-------+-------++-------
Melee: Unarmed           |     9 |       |       ||     9
       Short sword       |       |     8 |    12 ||    20
       Staff             |       |       |     2 ||     2
 Cast: Shock             |    98 |   143 |    39 ||   280
       Airstrike         |       |       |    32 ||    32
Evoke: Wand              |       |       |     3 ||     3
  Use: Potion            |     1 |       |       ||     1
       Scroll            |       |     8 |     2 ||    10
Armor: Robe              |     4 |    11 |     4 ||    19
Dodge: Dodged            |    25 |    22 |    12 ||    59

Table legend: (Time is in decaauts)
 A = Elapsed time spent in this place.
 B = Non-inter-level travel time spent in this place.
 C = Inter-level travel time spent in this place.
 D = Time resting spent in this place.
 E = Time spent auto-exploring this place.
 F = Levels seen in this place.
 G = Mean time per level.
                   A        B        C        D        E       F      G
               +--------+--------+--------+--------+--------+-----+--------+
         Total |   7920 |   7695 |    225 |    413 |   6335 |   8 |  990.0 |
       Dungeon |   6062 |   5837 |    225 |    121 |   4992 |   6 | 1010.3 |
        Temple |      1 |      1 |      0 |      0 |      0 |   1 |    1.0 |
         Sewer |   1856 |   1856 |      0 |    292 |   1343 |   1 | 1856.0 |
               +--------+--------+--------+--------+--------+-----+--------+

Top non-repeatable levels by time:
   Sewer: 1856 daAuts
     D:5: 1325 daAuts
     D:2: 1238 daAuts
     D:1: 1165 daAuts
     D:4: 956 daAuts
     D:3: 905 daAuts
     D:6: 470 daAuts
  Temple: 1 daAuts
